 Dungeon Crawl Stone Soup version 0.30.0-29-ga12c61a403 (webtiles) character file.

Game seed: 6664607759902755526

36523 Graphine the Severer (level 13, -5/125 HPs)
             Began as a Hill Orc Fighter on June 21, 2023.
             Was a High Priest of Zin.
             Slain by a 12-headed hydra (11 damage)
             ... on level 4 of the Lair of Beasts.
             The game lasted 00:32:18 (15283 turns).

Graphine the Severer (Hill Orc Fighter)            Turns: 15283, Time: 00:32:19

Health: -5/125     AC: 35    Str: 23    XL:     13   Next: 90%
Magic:  24/24      EV:  5    Int: 15    God:    Zin [*****.]
Gold:   790        SH:  5    Dex:  9    Spells: 12/12 levels left

rFire   . . .        S - +3 great sword (flame)
rCold   . . .        (shield currently unavailable)
rNeg    . . .        j - +5 crystal plate armour
rPois   +            O - +1 hat {Int+3}
rElec   .            M - +2 cloak
rCorr   +            J - +0 pair of gloves
SInv    .            E - +0 pair of boots
Will    .....        C - amulet of reflection Stlth
                     P - ring of resist corrosion
HPRegen 0.40/turn    (no ring)
MPRegen 0.19/turn

%: reflection
@: no status effects
A: clever 1, poison resistance
a: Renounce Religion, Recite, Vitalisation, Imprison, Sanctuary, Donate Gold


You were on level 4 of the Lair of Beasts.
You worshipped Zin.
Zin was extremely pleased with you.
You visited 2 branches of the dungeon, and saw 14 of its levels.
You also visited: Ossuary.

You collected 877 gold pieces.
You donated 87 gold pieces to Zin.

Inventory:

Hand Weapons
 a - a +4 spectral war axe
 I - a +3 battleaxe of freezing
 S - a +3 great sword of flaming (weapon)
Missiles
 m - 3 curare-tipped darts
 x - 6 atropa-tipped darts
Armour
 c - a +0 buckler
 j - a +5 crystal plate armour (worn)
 B - the +0 robe of Gallantry {rPois rF++ Int-3 Stlth+}
   (You found it on level 7 of the Dungeon)

   Int:       It affects your intelligence (-3).
   rF:        It greatly protects you from fire.
   rPois:     It protects you from poison.
   Stlth:     It makes you more stealthy.
 E - a +0 pair of boots (worn)
 J - a +0 pair of gloves (worn)
 M - a +2 cloak (worn)
 O - a +1 hat of intelligence (worn)
Jewellery
 o - a +6 ring of dexterity
 w - an amulet of the acrobat
 C - an amulet of reflection (around neck)
 D - an amulet of regeneration
 K - a ring of fire
 P - a ring of resist corrosion (left hand)
Wands
 v - a wand of roots (19)
 y - a wand of charming (17)
 z - a wand of digging (7)
 F - a wand of light (16)
 H - a wand of flame (3)
Scrolls
 h - 2 scrolls of blinking
 k - 7 scrolls of teleportation
 s - 2 scrolls of magic mapping
 A - 2 scrolls of amnesia
 G - 2 scrolls of poison
 Q - a scroll of fog
 R - a scroll of identify
Potions
 b - 6 potions of brilliance
 d - 2 potions of might
 e - 4 potions of flight
 f - 2 potions of invisibility
 g - a potion of degeneration
 i - 6 potions of haste
 l - 2 potions of lignification
 n - a potion of ambrosia
 p - a potion of heal wounds
 q - 3 potions of mutation
 r - 6 potions of curing
 t - 3 potions of attraction
 u - 2 potions of berserk rage
 N - a potion of cancellation {unknown}
Miscellaneous
 L - a phial of floods


   Skills:
 + Level 14.3 Fighting
 + Level 15.3 Axes
 + Level 13.2 Armour
 - Level 5.0 Shields
 + Level 15.1 Invocations


You had 12 spell levels left.
You didn't know any spells.
Your spell library contained the following spells:

 Spells                   Type           Power      Damage    Failure   Level
 Freeze                   Ice            0%         1d3       100%        1
 Magic Dart               Conj           0%         1d3       100%        1
 Slow                     Hex            0%         N/A       100%        1
 Call Imp                 Summ           0%         N/A       100%        2
 Confusing Touch          Hex            0%         N/A       100%        3
 Dazzling Flash           Conj/Hex       0%         N/A       100%        3
 Frozen Ramparts          Ice            0%         1d1       100%        3
 Hailstorm                Conj/Ice       0%         3d3       100%        3
 Inner Flame              Hex/Fire       0%         N/A       100%        3
 Mephitic Cloud           Conj/Pois/Air  0%         N/A       100%        3
 Vampiric Draining        Necr           0%         2d6       100%        3
 Volatile Blastmotes      Fire/Tloc      0%         2d10      100%        3
 Anguish                  Hex/Necr       0%         N/A       100%        4
 Cause Fear               Hex            0%         N/A       100%        4
 Fulminant Prism          Conj/Hex       0%         3d5       100%        4
 Iskenderun's Mystic Bla  Conj/Tloc      0%         2d3       100%        4
 Iskenderun's Battlesphe  Conj           0%         2d6       100%        5
 Lee's Rapid Deconstruct  Erth           0%         3d4*      100%        5
 Yara's Violent Unravell  Hex/Tmut       0%         3d3       100%        5
 Iron Shot                Conj/Erth      0%         9d1       100%        6
 Starburst                Conj/Fire      0%         6d3       100%        6
 Enfeeble                 Hex            0%         N/A       100%        7
 Spellforged Servitor     Conj/Summ      0%         N/A       100%        7


Dungeon Overview and Level Annotations

Branches:
Dungeon (10/15)            Temple (0/1) D:6            Lair (4/5) D:10
 Shoals (0/4) Lair:3       Spider (0/4) Lair:3          Orc (0/2) D:10
Ossuary (visited)
  Slime: Lair:4-5

Altars:
Dithmenos
Kikubaaqudgha
Nemelex Xobeh
Okawaru
Sif Muna
Uskayaw
Yredelemnul
Zin

Shops:
D:5 *   D:8 (?


Innate Abilities, Weirdness & Mutations

Your mind is acute. (Int +4, Str/Dex -1)
Your system is resistant to poisons. (rPois)


Message History

Aim: a 13-headed hydra (heavily wounded, about 21% to evade your +3 great sword of flaming)
You hack one of the 13-headed hydra's heads off!
The flame cauterises the wound!
You hit the 12-headed hydra. You burn the 12-headed hydra.
The 12-headed hydra is heavily wounded.
The 12-headed hydra barely misses you. You block the 12-headed hydra's attack.
The 12-headed hydra closely misses you.
The 12-headed hydra bites you but does no damage. x2
The 12-headed hydra barely misses you. You block the 12-headed hydra's attack.
The 12-headed hydra bites you.
The 12-headed hydra bites you but does no damage. x4
The 12-headed hydra bites you. The 12-headed hydra barely misses you.
The 12-headed hydra bites you but does no damage. x3
The 12-headed hydra bites you!
The 12-headed hydra bites you but does no damage. x5
You block the 12-headed hydra's attack.
Unknown command.
Hit: S) +3 great sword (flame)
Press: ? - help, Dir - move target, f/p - 12-headed hydra
Aim: a 12-headed hydra (heavily wounded, about 21% to evade your +3 great sword of flaming)
You completely miss the 12-headed hydra.
The 12-headed hydra is heavily wounded.
The 12-headed hydra bites you but does no damage.
The 12-headed hydra bites you!
* * * LOW HITPOINT WARNING * * *
The 12-headed hydra bites you but does no damage.
The 12-headed hydra bites you!
* * * LOW HITPOINT WARNING * * *
You block the 12-headed hydra's attack.
The 12-headed hydra bites you but does no damage. x2
The 12-headed hydra bites you.
* * * LOW HITPOINT WARNING * * *
The 12-headed hydra bites you but does no damage. x2
The 12-headed hydra bites you!
* * * LOW HITPOINT WARNING * * *
The 12-headed hydra bites you!
* * * LOW HITPOINT WARNING * * *
The 12-headed hydra bites you but does no damage. x2
The 12-headed hydra bites you!
You die...

###### ### ## ##
########.##.###P######P#####
..#
#...........................
...##...........@D.............
.........=.....................
........#..##.###.##.......##
........#####.#
#####......#####
........P.##### ##.....P#..#.
..#####....# ####........ .
##....## ##....... . ###.....P#
#### #....... ..##..#....##
###..###.......


You could see a 12-headed hydra.

Vanquished Creatures
  Rupert (Lair:4)
  A catoblepas (Lair:2)
  2 two-headed ogres
  Nergalle (D:10)
  2 skysharks
  Amaemon (Lair:2)
  2 swamp dragons (Lair:2)
  2 wolf spiders (Lair:3)
  A cyclops (D:8)
  4 oklob plants
  A manticore (Lair:3)
  6 elephants
  7 black mambas
  7 cane toads
  An orange demon (Lair:2)
  3 rime drakes
  5 komodo dragons
  A wind drake (Lair:3)
  A troll (D:9)
  2 polar bears (Lair:1)
  3 hornets
  13 blink frogs
  4 wraiths
  A culicivora (Lair:3)
  A wyvern (Lair:4)
  41 yaks
  3 basilisks
  Grum (D:10)
  A redback (Lair:3)
  A steam dragon (D:10)
  A vampire mosquito (D:8)
  The ghost of MrAu the Shooter, an amateur KoHu (D:3)
  14 water moccasins
  An acid dragon (D:9)
  A sky beast (D:7)
  An orc warrior (D:9)
  4 ice beasts
  2 black bears
  7 wolves
  4 ogres
  3 centaurs
  2 kobold brigands
  4 gnoll sergeants
  12 bullfrogs
  19 wights
  2 electric eels
  8 howler monkeys
  5 hounds
  A gnoll bouda (D:10)
  5 orc priests
  3 jellies
  A sleepcap (D:8)
  Crazy Yiuf (D:5)
  10 orc wizards
  A mummy (D:5)
  34 gnolls
  6 adders
  2 shadow imps
  An ufetubus (D:4)
  4 worms
  2 dart slugs
  34 orcs
  7 bats
  6 endoplasms
  2 giant cockroaches
  9 goblins
  6 hobgoblins
  4 jackals (D:4)
  20 kobolds
  2 quokkas
  10 ball pythons
  A ball python skeleton (Ossuary)
  5 frilled lizards
  A hobgoblin skeleton (Ossuary)
  2 hobgoblin zombies (Ossuary)
  A kobold zombie (Ossuary)
  An orc skeleton (Ossuary)
  9 rats
402 creatures vanquished.

Vanquished Creatures (others)
  8 spectral weapons
8 creatures vanquished.

Grand Total: 410 creatures vanquished

Notes
Turn   | Place    | Note
-------+----------+-------------------------------------------
     0 | D:1      | Graphine the Hill Orc Fighter began the quest for the Orb.
     0 | D:1      | Reached XP level 1. HP: 19/19 MP: 1/1
    93 | D:1      | Reached XP level 2. HP: 27/27 MP: 2/2
   153 | D:1      | Reached skill level 1 in Invocations
   420 | D:1      | Reached XP level 3. HP: 33/33 MP: 3/3
  1652 | D:2      | Reached XP level 4. HP: 40/40 MP: 5/5
  2044 | D:3      | Noticed MrAu's ghost (amateur KoHu)
  2082 | D:3      | Found a glowing silver altar of Zin.
  2085 | D:3      | Became a worshipper of Zin the Law-Giver
  2085 | D:3      | Reached * piety under Zin
  2171 | D:3      | Reached XP level 5. HP: 47/47 MP: 6/6
  2534 | D:3      | Found a transporter.
  2536 | D:3      | Found a transporter.
  2627 | D:3      | Found a sparkling altar of Nemelex Xobeh.
  2773 | D:3      | Killed MrAu's ghost
  2774 | D:3      | Reached XP level 6. HP: 43/55 MP: 8/8
  2861 | D:4      | Reached skill level 5 in Fighting
  2866 | D:4      | HP: 2/56 [gnoll/+0 halberd (4)]
  3065 | D:4      | Reached ** piety under Zin
  3174 | D:4      | Reached XP level 7. HP: 26/61 MP: 9/9
  3489 | D:4      | Found a shadowy altar of Dithmenos.
  3504 | D:4      | Reached skill level 5 in Axes
  3504 | D:4      | Reached skill level 5 in Armour
  3634 | D:4      | Reached skill level 5 in Shields
  4097 | D:5      | Entered Level 5 of the Dungeon
  4135 | D:5      | Found Istoyxzu's Assorted Antiques.
  4166 | D:5      | Reached skill level 5 in Invocations
  4332 | D:5      | Reached XP level 8. HP: 70/70 MP: 11/11
  4441 | D:5      | Found a sand-covered staircase.
  4449 | Ossuary  | Entered an ossuary
  4560 | Ossuary  | Noticed a wraith
  4560 | Ossuary  | Noticed a flying skull
  4597 | Ossuary  | Noticed a flying skull
  4605 | Ossuary  | Noticed a wraith
  4614 | Ossuary  | Killed a wraith
  4619 | Ossuary  | Noticed a flying skull
  4620 | Ossuary  | Noticed a flying skull
  4644 | Ossuary  | Noticed a wraith
  4651 | Ossuary  | Killed a wraith
  5092 | D:5      | Found a runed translucent door.
  5093 | D:5      | Noticed Crazy Yiuf
  5101 | D:5      | Killed Crazy Yiuf
  5102 | D:5      | Reached XP level 9. HP: 58/79 MP: 14/14
  5533 | D:6      | Found a staircase to the Ecumenical Temple.
  6344 | D:7      | Found a basalt altar of Yredelemnul.
  6478 | D:7      | Identified the +0 robe of Gallantry {rPois rF++ Int-3
                  | Stlth+}
  6491 | D:7      | Noticed a hornet
  6511 | D:7      | Paralysed by a hornet for 2 turns
  6513 | D:7      | Gained mutation: Your system is resistant to poisons.
                  | (rPois) [potion of mutation]
  6513 | D:7      | Gained mutation: Your mind is acute. (Int +4, Str/Dex -1)
                  | [potion of mutation]
  6519 | D:7      | Killed a hornet
  6527 | D:7      | Reached *** piety under Zin
  6700 | D:7      | Reached XP level 10. HP: 82/90 MP: 16/16
  6787 | D:7      | Found a shimmering blue altar of Sif Muna.
  7051 | D:7      | Found an iron altar of Okawaru.
  7675 | D:8      | Found Pemuegak's Antique Weapon Shoppe.
  7679 | D:8      | Found Hoqoytuora's Magic Scroll Boutique.
  7779 | D:8      | HP: 1/91 [yak (12)]
  7798 | D:8      | Reached skill level 10 in Axes
  8335 | D:8      | Found a hide-covered altar of Uskayaw.
  8396 | D:8      | Noticed a cyclops
  8396 | D:8      | Noticed a two-headed ogre
  8657 | D:8      | Killed a cyclops
  8658 | D:8      | Reached skill level 10 in Invocations
  8672 | D:8      | Killed a two-headed ogre
  8673 | D:8      | Reached skill level 10 in Fighting
  8839 | D:8      | Reached **** piety under Zin
  9030 | D:9      | Reached XP level 11. HP: 84/100 MP: 18/18
  9115 | D:9      | Found an ancient bone altar of Kikubaaqudgha.
  9830 | D:10     | Entered Level 10 of the Dungeon
  9838 | D:10     | Found a staircase to the Lair.
 10029 | D:10     | Reached ***** piety under Zin
 10076 | D:10     | Reached skill level 10 in Armour
 10136 | D:10     | Found a staircase to the Orcish Mines.
 10166 | D:10     | Noticed a two-headed ogre
 10172 | D:10     | Killed a two-headed ogre
 10328 | D:10     | Noticed Nergalle
 10328 | D:10     | Noticed Grum
 10355 | D:10     | Killed Nergalle
 10376 | D:10     | Killed Grum
 10765 | Lair:1   | Entered Level 1 of the Lair of Beasts
 11123 | Lair:1   | Reached XP level 12. HP: 111/111 MP: 21/21
 11870 | Lair:2   | Noticed a catoblepas
 11891 | Lair:2   | Killed a catoblepas
 12135 | Lair:2   | Noticed a skyshark
 12143 | Lair:2   | Killed a skyshark
 12453 | Lair:2   | Noticed Amaemon
 12464 | Lair:2   | Killed Amaemon
 12981 | Lair:2   | Found a transporter.
 13047 | Lair:2   | Found a transporter.
 13248 | Lair:3   | Reached XP level 13. HP: 97/122 MP: 23/23
 13519 | Lair:3   | Found a staircase to the Shoals.
 13532 | Lair:3   | Identified the +9 falchion of Accidental Termination
                  | {drain, rC++}
 13626 | Lair:3   | Found a hole to the Spider Nest.
 14567 | Lair:4   | Reached skill level 15 in Axes
 14802 | Lair:4   | Noticed Rupert
 14817 | Lair:4   | Killed Rupert
 14818 | Lair:4   | Reached skill level 15 in Invocations
 15283 | Lair:4   | HP: 6/125 [12-headed hydra (10)]
 15283 | Lair:4   | Slain by a 12-headed hydra

Illustrated notes

Levels and vault maps discovered:
D:1:      dpeg_arrival_short_road, layout_basic
D:2:      layout_basic, minivault_26, hangedman_abyss_or_decor_lesser_grid
D:3:      layout_basic, general_overflow_altar, zin_statuary,
          gammafunk_ghost_arena
D:4:      layout_loops_ring, mainiacjoe_overflow_alcove_2
D:5:      layout_basic, gup_ossuary_entry_pyramid, serial_shops, shop,
          uniq_crazy_yiuf_cottage
D:6:      layout_basic, minmay_temple_entry_ruins
D:7:      layout_basic, nicolae_sif_muna_condensation, okawaru_gym_becter,
          mainiacjoe_overflow_alcove_1, serial_aquarium, aquarium_bridge_square
          [aquarium_subvault_wall, aquarium_subvault_bridge,
          aquarium_subvault_window, aquarium_subvault_bridge],
          aquarium_window_3, aquarium_window_fake, aquarium_window_fake,
          aquarium_view_2c
D:8:      layout_basic, eat_drink_and_be_merry_uskayaw,
          nicolae_wooded_promenade, lightli_corner_chamber
D:9:      layout_basic, lemuel_round_altar
D:10:     layout_roguey, dpeg_oklobed_lair, uniq_nergalle, uniq_grum
Lair:1:   layout_cellular_growth, serial_rivers, chequers_serial_rivers_micro_e,
          chequers_serial_rivers_room_a, chequers_serial_rivers_micro_a,
          chequers_serial_rivers_micro_d, chequers_serial_rivers_micro_c,
          nicolae_lair_lil_pond, minmay_lair_oklob_items, grunt_megastairs_3
Lair:2:   gammafunk_cloud_chamber, layout_loops_ring,
          dreamdust_deal_with_the_devil, amcnicky_mini_pool_medium,
          grunt_megastairs_1, uniq_amaemon
Lair:3:   dpeg_oklob_gauntlet, layout_chaotic_city, minmay_shoals_entry_beasts,
          spider_nest_entry_funnel_web, minivault_19
Lair:4:   layout_cellular_growth, uniq_rupert

Skill      XL: |  1  2  3  4  5  6  7  8  9 10 11 12 13 |
---------------+----------------------------------------+-----
Axes           | 3 4 5 7 9 10 12 13 15 | 15.3
Invocations    | 1 2 3 5 6 8 10 12 13 15 | 15.1
Fighting       | 4 5 7 8 10 11 13 14 | 14.3
Armour         | 4 5 6 8 9 10 12 13 | 13.2
Shields        | 4 5 |  5.0

Action                     |  1- 3 |  4- 6 |  7- 9 | 10-12 | 13-15 || total
---------------------------+-------+-------+-------+-------+-------++-------
  Melee: War axe           |   105 |   146 |   333 |   520 |   176 ||  1280
         Great sword       |       |       |       |       |     4 ||     4
 Invoke: Recite            |       |     6 |    13 |    11 |       ||    30
         Vitalisation      |       |       |     1 |     2 |       ||     3
  Evoke: Wand              |       |       |       |     4 |       ||     4
    Use: Scroll            |    11 |     2 |     9 |     8 |     3 ||    33
         Potion            |       |     1 |     4 |     3 |     2 ||    10
   Stab: Invisible         |       |       |     1 |     5 |       ||     6
         Distracted        |       |       |       |     5 |     3 ||     8
         Paralysed         |       |       |       |     2 |       ||     2
 Armour: Scale mail        |    12 |       |       |       |       ||    12
         Crystal plate arm |   104 |   142 |   265 |   381 |   197 ||  1089
  Dodge: Dodged            |    16 |    20 |    55 |    82 |    49 ||   222
  Block: Buckler           |    25 |    37 |    64 |   248 |    60 ||   434
         Reflection        |       |       |       |     5 |       ||     5
         Other             |       |       |       |       |     8 ||     8
